TOP OF THE 1ST |
West Virginia Black Bears batting - Pitching for Tri-City Dust Devils : RHP Roger Watkins
|
Pitching: RHP Roger Watkins
|
|
Batting: LHB Norm Silveira-Wray
|
0-0: Ball 1-0: Ground out U3 (Groundball, 3, EV 87.5 MPH)
|
Batting: RHB Brandon White
|
0-0: Foul Ball, location: 2F 0-1: Ball 1-1: Ground out 4-3 (Groundball, 6M, EV 77.5 MPH)
|
Batting: RHB Jaime Dubicki
|
0-0: Swinging Strike 0-1: Foul Ball, location: 2F 0-2: Strikes out swinging
|
Top of the 1st over - 0 runs, 0 hits, 0 errors, 0 left on base; West Virginia 0 - Tri-City 0 |
BOTTOM OF THE 1ST |
Tri-City Dust Devils batting - Pitching for West Virginia Black Bears : RHP Eric Bourque
|
Pitching: RHP Eric Bourque
|
|
Batting: LHB Ramon Vega
|
0-0: Foul Ball, location: 2F 0-1: Called Strike 0-2: Ball 1-2: Ball 2-2: SINGLE (Line Drive, 8LS, EV 93.8 MPH)
|
Batting: LHB Phil Lerner
|
0-0: Called Strike Ramon Vega steals 2nd base (no throw) 0-1: Swinging Strike 0-2: Ball 1-2: Ball 2-2: Ground out 6-3 (Groundball, 6M, EV 106.2 MPH) Ramon Vega to third
|
Batting: SHB Isaiah Scates
|
0-0: Hit by Pitch
|
Batting: RHB Eric McMillian
|
0-0: SINGLE (Groundball, 6MD, EV 96.9 MPH) Ramon Vega scores Isaiah Scates to second
|
Batting: RHB Hector Fernandez
|
0-0: Ball 1-0: Ball 2-0: Swinging Strike 2-1: Ball 3-1: SINGLE (Groundball, 6D, EV 103.8 MPH) Isaiah Scates to third Eric McMillian to second Runner from 3rd tries for Home, SAFE, throw by CF to home
|
Batting: RHB Frank Elizondo
|
0-0: SINGLE (Groundball, 6D, EV 95.0 MPH) Eric McMillian to third Hector Fernandez to second Runner from 3rd tries for Home, throw by CF and OUT! 8-2
|
Batting: RHB Max Stillo
|
0-0: Called Strike 0-1: Foul Ball, location: 2F 0-2: Ball 1-2: Fly out, F8 (Flyball, 8RM, EV 91.2 MPH)
|
Bottom of the 1st over - 2 runs, 4 hits, 0 errors, 2 left on base; West Virginia 0 - Tri-City 2 |
TOP OF THE 2ND |
West Virginia Black Bears batting - Pitching for Tri-City Dust Devils : RHP Roger Watkins
|
Batting: LHB Tomohiro Yokoyama
|
0-0: Foul Ball, location: 2F 0-1: Foul Ball, location: 2F 0-2: Strikes out swinging
|
Batting: RHB Tim Moore
|
0-0: Ground out 6-3 (Groundball, 6, EV 83.8 MPH)
|
Batting: LHB Dustin Herman
|
0-0: Foul Ball, location: 2F 0-1: Swinging Strike 0-2: Strikes out swinging, 2-3 out at first.
|
Top of the 2nd over - 0 runs, 0 hits, 0 errors, 0 left on base; West Virginia 0 - Tri-City 2 |
BOTTOM OF THE 2ND |
Tri-City Dust Devils batting - Pitching for West Virginia Black Bears : RHP Eric Bourque
|
Batting: RHB Shane Bruce
|
0-0: Called Strike 0-1: Ball 1-1: Foul Ball, location: 2F 1-2: Foul Ball, location: 2F 1-2: Strikes out swinging
|
Batting: RHB Ed Oake
|
0-0: Foul Ball, location: 2F 0-1: Foul Ball, location: 2F 0-2: Foul Ball, location: 2F 0-2: SINGLE (Line Drive, 5D, EV 98.1 MPH)
|
Batting: LHB Ramon Vega
|
0-0: Foul Ball, location: 2F 0-1: Swinging Strike 0-2: Fielders Choice at 2nd, 6-4 (Groundball, 6, EV 84.4 MPH)
|
Batting: LHB Phil Lerner
|
0-0: Ball 1-0: Swinging Strike 1-1: Hit by Pitch Ramon Vega to second
|
Batting: SHB Isaiah Scates
|
0-0: Foul Ball, location: 2F 0-1: Called Strike 0-2: Ball 1-2: Ball 2-2: Strikes out swinging
|
Bottom of the 2nd over - 0 runs, 1 hit, 0 errors, 2 left on base; West Virginia 0 - Tri-City 2 |
TOP OF THE 3RD |
West Virginia Black Bears batting - Pitching for Tri-City Dust Devils : RHP Roger Watkins
|
Batting: RHB Chris Beckham
|
0-0: Ball 1-0: Ground out 5-3 (Groundball, 56, EV 97.5 MPH)
|
Batting: RHB Perry Dominey
|
0-0: Ball 1-0: Ball 2-0: Ball 3-0: Called Strike 3-1: Foul Ball, location: 2F 3-2: Foul Ball, location: 2F 3-2: Foul Ball, location: 2F 3-2: Base on Balls
|
Batting: RHB Seung-mun Kim
|
0-0: Called Strike 0-1: Called Strike Perry Dominey steals 2nd base (no throw) 0-2: Strikes out swinging
|
Batting: LHB Norm Silveira-Wray
|
0-0: Called Strike 0-1: Ground out 4-3 (Groundball, 4, EV 85.6 MPH)
|
Top of the 3rd over - 0 runs, 0 hits, 0 errors, 1 left on base; West Virginia 0 - Tri-City 2 |
BOTTOM OF THE 3RD |
Tri-City Dust Devils batting - Pitching for West Virginia Black Bears : RHP Eric Bourque
|
Batting: RHB Eric McMillian
|
0-0: Called Strike 0-1: Ball 1-1: SINGLE (Groundball, 6M, EV 91.2 MPH) (infield hit)
|
Batting: RHB Hector Fernandez
|
0-0: Called Strike 0-1: Ball 1-1: Foul Ball, location: 2F 1-2: Foul Ball, location: 2F 1-2: Grounds into double play, 4-6-3 (Groundball, 4S, EV 88.1 MPH)
|
Batting: RHB Frank Elizondo
|
0-0: Swinging Strike 0-1: Foul Ball, location: 2F 0-2: Ball 1-2: Strikes out looking
|
Bottom of the 3rd over - 0 runs, 1 hit, 0 errors, 0 left on base; West Virginia 0 - Tri-City 2 |
TOP OF THE 4TH |
West Virginia Black Bears batting - Pitching for Tri-City Dust Devils : RHP Roger Watkins
|
Batting: RHB Brandon White
|
0-0: Called Strike 0-1: Ball 1-1: Ball 2-1: Ball 3-1: Foul Ball, location: 2F 3-2: Ground out U3 (Groundball, 3S, EV 88.1 MPH)
|
Batting: RHB Jaime Dubicki
|
0-0: Foul Ball, location: 2F 0-1: Called Strike 0-2: Ground out 6-3 (Groundball, 6, EV 78.8 MPH)
|
Batting: LHB Tomohiro Yokoyama
|
0-0: Ball 1-0: Ball 2-0: SINGLE (Line Drive, 7S, EV 103.1 MPH)
|
Batting: RHB Tim Moore
|
Pickoff Throw to First - Out! 1-3 CS
|
Top of the 4th over - 0 runs, 1 hit, 0 errors, 0 left on base; West Virginia 0 - Tri-City 2 |
BOTTOM OF THE 4TH |
Tri-City Dust Devils batting - Pitching for West Virginia Black Bears : RHP Eric Bourque
|
Batting: RHB Max Stillo
|
0-0: Swinging Strike 0-1: Foul Ball, location: 2F 0-2: Strikes out looking
|
Batting: RHB Shane Bruce
|
0-0: Ball 1-0: Called Strike 1-1: Called Strike 1-2: Strikes out swinging
|
Batting: RHB Ed Oake
|
0-0: Foul Ball, location: 2F 0-1: Foul Ball, location: 2F 0-2: Reached on error, E1 (Groundball, 13S, EV 68.1 MPH)
|
Batting: LHB Ramon Vega
|
0-0: Foul Ball, location: 2F 0-1: Called Strike 0-2: Foul Ball, location: 2F 0-2: Ball 1-2: Strikes out swinging
|
Bottom of the 4th over - 0 runs, 0 hits, 1 error, 1 left on base; West Virginia 0 - Tri-City 2 |
TOP OF THE 5TH |
West Virginia Black Bears batting - Pitching for Tri-City Dust Devils : RHP Roger Watkins
|
Batting: RHB Tim Moore
|
0-0: Ball 1-0: Foul Ball, location: 2F 1-1: Ball 2-1: Foul Ball, location: 2F 2-2: Strikes out looking
|
Batting: LHB Dustin Herman
|
0-0: Called Strike 0-1: Foul Ball, location: 2F 0-2: Ground out 4-3 (Groundball, 4, EV 80.6 MPH)
|
Batting: RHB Chris Beckham
|
0-0: Ground out 5-3 (Groundball, 56, EV 86.9 MPH)
|
Top of the 5th over - 0 runs, 0 hits, 0 errors, 0 left on base; West Virginia 0 - Tri-City 2 |
BOTTOM OF THE 5TH |
Tri-City Dust Devils batting - Pitching for West Virginia Black Bears : RHP Eric Bourque
|
Batting: LHB Phil Lerner
|
0-0: Foul Ball, location: 2F 0-1: Hit by Pitch
|
Batting: SHB Isaiah Scates
|
0-0: Ball 1-0: Ball 2-0: Called Strike 2-1: Called Strike 2-2: SINGLE (Groundball, 34D, EV 95.0 MPH) Phil Lerner to second Runner from 2nd tries for 3rd, SAFE, throw by RF made to third
|
Batting: RHB Eric McMillian
|
0-0: Fly out, F3 (Popup, 23F, EV 81.2 MPH)
|
Batting: RHB Hector Fernandez
|
0-0: Foul Ball, location: 2F 0-1: Foul Ball, location: 2F 0-2: SINGLE (Groundball, 56, EV 103.1 MPH) Phil Lerner scores Isaiah Scates to second
|
Batting: RHB Frank Elizondo
|
0-0: Ball 1-0: Called Strike 1-1: Foul Ball, location: 2F 1-2: Foul Ball, location: 2F 1-2: Ball Wild Pitch! Isaiah Scates to third Hector Fernandez to second 2-2: Strikes out swinging
|
Pitching: LHP Juan Villegas
|
|
Batting: RHB Max Stillo
|
0-0: Ball 1-0: Swinging Strike 1-1: Called Strike 1-2: Strikes out swinging
|
Bottom of the 5th over - 1 run, 2 hits, 0 errors, 2 left on base; West Virginia 0 - Tri-City 3 |
TOP OF THE 6TH |
West Virginia Black Bears batting - Pitching for Tri-City Dust Devils : RHP Roger Watkins
|
Batting: RHB Perry Dominey
|
0-0: Ball 1-0: SINGLE (Groundball, P, EV 88.1 MPH) (infield hit)
|
Batting: RHB Seung-mun Kim
|
0-0: Ball 1-0: Foul Ball, location: 2F 1-1: Ground out 4-3 (Groundball, 34S, EV 79.4 MPH) Perry Dominey to second
|
Batting: LHB Norm Silveira-Wray
|
0-0: Fly out, F8 (Flyball, 8RS, EV 88.8 MPH)
|
Batting: RHB Brandon White
|
0-0: Ball Passed Ball! Perry Dominey to third 1-0: Swinging Strike 1-1: Called Strike 1-2: Strikes out swinging
|
Top of the 6th over - 0 runs, 1 hit, 0 errors, 1 left on base; West Virginia 0 - Tri-City 3 |
BOTTOM OF THE 6TH |
Tri-City Dust Devils batting - Pitching for West Virginia Black Bears : LHP Juan Villegas
|
Batting: RHB Shane Bruce
|
0-0: Ball 1-0: Ball 2-0: Ball 3-0: Base on Balls
|
Batting: RHB Ed Oake
|
0-0: Called Strike 0-1: Ball 1-1: Ball 2-1: Foul Ball, location: 2F 2-2: Fly out, F1 (Line Drive, P, EV 67.5 MPH)
|
Batting: LHB Ramon Vega
|
0-0: Ball 1-0: Ball 2-0: Ball 3-0: Base on Balls Shane Bruce to second
|
Batting: LHB Phil Lerner
|
0-0: Ball 1-0: Foul Ball, location: 2F 1-1: Ground out 3-1 (Groundball, 13, EV 91.9 MPH) Shane Bruce to third Ramon Vega to second
|
Batting: SHB Isaiah Scates
|
0-0: Called Strike 0-1: Ball 1-1: Called Strike 1-2: Ground out 6-3 (Groundball, 6, EV 83.8 MPH)
|
Bottom of the 6th over - 0 runs, 0 hits, 0 errors, 2 left on base; West Virginia 0 - Tri-City 3 |
TOP OF THE 7TH |
West Virginia Black Bears batting - Pitching for Tri-City Dust Devils : RHP Roger Watkins
|
Batting: RHB Jaime Dubicki
|
0-0: Ball 1-0: Ball 2-0: Foul Ball, location: 2F 2-1: SINGLE (Flyball, 9S, EV 85.6 MPH)
|
Batting: LHB Tomohiro Yokoyama
|
0-0: Called Strike 0-1: Foul Ball, location: 2F 0-2: Ball 1-2: Ball 2-2: Ball 3-2: SINGLE (Groundball, 34, EV 109.4 MPH) Jaime Dubicki to second
|
Batting: RHB Tim Moore
|
0-0: Called Strike 0-1: Ball 1-1: Ball 2-1: SINGLE (Groundball, 6MD, EV 101.9 MPH) Jaime Dubicki to third Tomohiro Yokoyama to second
|
Batting: LHB Dustin Herman
|
0-0: Ball 1-0: Called Strike 1-1: TRIPLE (Flyball, 78XD, EV 98.1 MPH) Jaime Dubicki scores Tomohiro Yokoyama scores Tim Moore scores
|
Batting: RHB Chris Beckham
|
0-0: Ball 1-0: Ball 2-0: Called Strike 2-1: Foul Ball, location: 2F 2-2: Strikes out swinging
|
Batting: RHB Perry Dominey
|
0-0: Ground out 6-3 (Groundball, 6, EV 85.0 MPH)
|
Batting: RHB Seung-mun Kim
|
0-0: Foul Ball, location: 2F 0-1: Ground out 5-3 (Groundball, 5, EV 91.9 MPH)
|
Top of the 7th over - 3 runs, 4 hits, 0 errors, 1 left on base; West Virginia 3 - Tri-City 3 |
BOTTOM OF THE 7TH |
Tri-City Dust Devils batting - Pitching for West Virginia Black Bears : LHP Juan Villegas
|
Pitching: RHP Mike Rosen
|
|
Batting: RHB Eric McMillian
|
0-0: Ball 1-0: Ball 2-0: Called Strike 2-1: Ground out 6-3 (Groundball, 6, EV 85.0 MPH)
|
Batting: RHB Hector Fernandez
|
0-0: Called Strike 0-1: Ball 1-1: Ball 2-1: Foul Ball, location: 2F 2-2: Ground out 5-3 (Groundball, 56S, EV 80.6 MPH)
|
Batting: RHB Frank Elizondo
|
0-0: Ball 1-0: Ball 2-0: Foul Ball, location: 2F 2-1: Foul Ball, location: 2F 2-2: Strikes out looking
|
Bottom of the 7th over - 0 runs, 0 hits, 0 errors, 0 left on base; West Virginia 3 - Tri-City 3 |
TOP OF THE 8TH |
West Virginia Black Bears batting - Pitching for Tri-City Dust Devils : RHP Roger Watkins
|
Batting: LHB Norm Silveira-Wray
|
0-0: Ball 1-0: Ball 2-0: Called Strike 2-1: Foul Ball, location: 2F 2-2: Ball 3-2: Base on Balls
|
Batting: RHB Brandon White
|
0-0: Bunted foul 0-1: Bunted foul 0-2: Ball 1-2: Grounds into double play, 4-6-3 (Groundball, 4, EV 81.2 MPH)
|
Batting: RHB Jaime Dubicki
|
0-0: Called Strike 0-1: Ball 1-1: Called Strike 1-2: Ball 2-2: Foul Ball, location: 2F 2-2: Ground out 4-3 (Groundball, 4D, EV 104.4 MPH)
|
Top of the 8th over - 0 runs, 0 hits, 0 errors, 0 left on base; West Virginia 3 - Tri-City 3 |
BOTTOM OF THE 8TH |
Tri-City Dust Devils batting - Pitching for West Virginia Black Bears : RHP Mike Rosen
|
Batting: RHB Max Stillo
|
0-0: Ground out 3-1 (Groundball, 13, EV 92.5 MPH)
|
Batting: RHB Shane Bruce
|
0-0: Ball 1-0: Ball 2-0: Called Strike 2-1: Foul Ball, location: 2F 2-2: Ball 3-2: DOUBLE (Line Drive, 7LM, EV 108.8 MPH)
|
Batting: RHB Ed Oake
|
0-0: Ball 1-0: Ball 2-0: SINGLE (Groundball, 34D, EV 97.5 MPH) Shane Bruce to third
|
Pitching: RHP Frank Morris
|
|
Batting: LHB Ramon Vega
|
0-0: Foul Ball, location: 2F 0-1: Foul Ball, location: 2F 0-2: Foul Ball, location: 2F 0-2: Ball 1-2: SINGLE (Groundball, 6D, EV 102.5 MPH) Shane Bruce scores Ed Oake to second
|
Batting: LHB Phil Lerner
|
0-0: Foul Ball, location: 2F 0-1: Ball 1-1: Swinging Strike 1-2: Foul Ball, location: 2F 1-2: Ball 2-2: Fly out, F8 (Flyball, 8RXD, EV 95.0 MPH) Runner from 2nd tags up, SAFE at 3rd, no throw by CF
|
Batting: SHB Isaiah Scates
|
0-0: Called Strike 0-1: Foul Ball, location: 2F 0-2: Strikes out swinging
|
Bottom of the 8th over - 1 run, 3 hits, 0 errors, 2 left on base; West Virginia 3 - Tri-City 4 |
TOP OF THE 9TH |
West Virginia Black Bears batting - Pitching for Tri-City Dust Devils : RHP Roger Watkins
|
Pitching: RHP Josh Mott
|
|
Now at 2B: Max Stillo
|
|
Now at SS: Oren Jones
|
|
Batting: LHB Tomohiro Yokoyama
|
0-0: Foul Ball, location: 3F, Error on foul ball, E3 0-1: Foul Ball, location: 2F 0-2: Strikes out swinging
|
Batting: RHB Tim Moore
|
0-0: Ball 1-0: Called Strike 1-1: Ball 2-1: Swinging Strike 2-2: Strikes out swinging
|
Batting: LHB Dustin Herman
|
0-0: Ball 1-0: Foul Ball, location: 2F 1-1: Ball 2-1: Foul Ball, location: 2F 2-2: Ball 3-2: Strikes out swinging
|
Top of the 9th over - 0 runs, 0 hits, 1 error, 0 left on base; West Virginia 3 - Tri-City 4 |
|